AoeStats
← Jonaayy

Black Forest

510575251Analyzed
2v2 RM · 15h ago on Oct 1, 2026· 61m 38s· 4 players
Game mode
Random Map
Map size
Medium (4 player)
Population
200
Speed
Normal
Resources
Standard
Victory
Conquest
Starting age
Dark Age
Ending age
Imperial Age
RankedLock teamsTeams togetherTeam positionsShared explorationLock speedFull tech treeHidden civsTurbo modeCheats
Victory
Defeat
🇵🇹 Persians · Portugal
765
+13
🇷🇺 Franks · Russia
600
+20
🇺🇸 Slavs · United States
695
-39
🇺🇸 Burgundians · United States
676
-35
ROMA
14:40 Feudal Age
16:12 Wheelbarrow
15:06 Man-at-Arms
17:20 Double-Bit Axe
22:29 Forging
26:10 Padded Archer Armor
32:04 Castle Age
29:50 Loom
30:00 Fletching
31:51 Bloodlines
31:43 Horse Collar
32:05 Scale Mail Armor
32:48 Husbandry
36:52 Stone Mining
36:53 Gold Mining
40:07 Iron Casting
39:39 Scale Barding Armor
40:07 Heavy Plow
40:20 Bow Saw
41:34 Hand Cart
43:07 Gold Shaft Mining
45:59 Chain Mail Armor
46:05 Chain Barding Armor
47:06 Chain Barding Armor
52:32 Crossbowman
52:36 Elite Skirmisher
53:41 Bodkin Arrow
54:01 Leather Archer Armor
53:23 Pikeman
54:04 Squires
55:22 Caravan
Jonaayy
7:45 Double-Bit Axe
9:42 Horse Collar
11:21 Wheelbarrow
19:04 Feudal Age
20:07 Hand Cart
21:12 Heavy Plow
22:45 Bow Saw
22:30 Gold Mining
27:40 Man-at-Arms
28:06 Arson
33:24 Castle Age
36:35 Cavalier
37:16 Husbandry
40:42 Caravan
44:02 Forging
43:52 Scale Mail Armor
43:57 Scale Barding Armor
43:43 Fletching
43:54 Padded Archer Armor
49:47 Crossbowman
49:50 Elite Skirmisher
54:33 Pikeman
55:15 Squires
56:29 Two-Man Saw
58:20 Imperial Age
phonzY
0:35 Loom
14:36 Feudal Age
17:17 Wheelbarrow
16:40 Horse Collar
16:56 Stone Mining
17:59 Wheelbarrow
18:34 Arson
18:10 Man-at-Arms
29:12 Gold Mining
36:50 Double-Bit Axe
41:36 Castle Age
40:31 Scale Barding Armor
40:36 Forging
41:12 Town Watch
42:23 Town Watch
43:48 Chain Barding Armor
44:04 Iron Casting
44:03 Hand Cart
44:27 Caravan
44:57 Coinage
44:37 Town Patrol
46:32 Stone Shaft Mining
46:33 Gold Shaft Mining
50:39 Imperial Age
51:38 Conscription
54:31 Elite War Elephant
58:09 Plate Barding Armor
58:54 Blast Furnace
62:08 Bow Saw
xLEOx
16:46 Feudal Age
26:30 Castle Age
27:20 Light Cavalry
31:11 Scale Barding Armor
31:17 Forging
30:34 Pikeman
31:14 Squires
31:00 Arson
37:07 Imperial Age
37:57 Wheelbarrow
40:42 Imperial Age
38:33 Padded Archer Armor
38:24 Fletching
39:00 Husbandry
40:44 Hand Cart
43:32 Conscription
42:37 Elite Throwing Axeman
45:04 Cavalier
46:22 Ballistics
47:02 Chemistry
48:27 Fortified Wall
49:15 Capped Ram
54:19 Gold Mining
54:25 Stone Mining
55:33 Paladin
60:40 Masonry
60:19 Double-Bit Axe
Connection lost

Rejoining the realm…

Still unreachable

The connection could not be restored.

Session expired

The server has moved on; the page needs a fresh start.